 Dungeon Crawl Stone Soup version 0.31-a0-198-g2ad674f65e (webtiles) character file.

Game seed: 9561111282576654562

2 qw the Shooter (level 1, 0/12 HPs)
             Began as a Deep Elf Hunter on June 25, 2023.
             Slain by a jackal (1 damage)
             ... on level 1 of the Dungeon.
             The game lasted 00:00:02 (59 turns).

qw the Shooter (Deep Elf Hunter)                      Turns: 59, Time: 00:00:02

Health: 0/12       AC:  3    Str:  8    XL:     1   Next: 25%
Magic:  3/3        EV: 12    Int: 13    God:
Gold:   0          SH:  0    Dex: 18    Spells: 0/0 levels left

rFire   . . .        a - +0 shortbow
rCold   . . .        (shield currently unavailable)
rNeg    . . .        c - +0 leather armour
rPois   .            (no helmet)
rElec   .            (no cloak)
rCorr   .            (no gloves)
SInv    .            (no boots)
Will    .....        (no amulet)
Stlth   ++           (no ring)
HPRegen 0.22/turn    (no ring)
MPRegen 0.08/turn

%: no passive effects
@: no status effects
A: no striking features
a: no special abilities


You were on level 1 of the Dungeon.
You visited 1 branch of the dungeon, and saw 1 of its levels.


   Skills:
 - Level 1.5 Fighting
 + Level 5.4 Ranged Weapons
 - Level 2.4 Dodging
 - Level 1.2 Stealth


You couldn't memorise any spells.
You didn't know any spells.
Your spell library was empty.

Inventory:

Hand Weapons
 a - a +0 shortbow (weapon)
Armour
 c - a +0 leather armour (worn)
Scrolls
 b - a scroll of butterflies
 d - 2 scrolls of fear {unknown}

Dungeon Overview and Level Annotations

Branches:
Dungeon (1/15)

Altars:


Message History

The ball python hisses angrily.
You hear a bark!
A jackal comes into view.
Enter note:
Enter note: You shoot an arrow.
The arrow barely misses the ball python.
You shoot an arrow.
The arrow closely misses the ball python.
You shoot an arrow. The arrow closely misses the jackal.
You shoot an arrow.
The arrow hits the jackal but does no damage.
The jackal barely misses you.
The jackal bites you but does no damage.
The ball python closely misses you. The ball python barely misses you.
A bat comes into view.
You shoot an arrow.
The arrow barely misses the ball python.
The jackal barely misses you. The ball python closely misses you.
The ball python misses you. The jackal bites you.
You shoot an arrow. The arrow hits the ball python!
You kill the ball python!
The bat barely misses you.
A rat comes into view.
The jackal bites you. The bat hits you but does no damage.
You shoot an arrow. The arrow barely misses the jackal.
The bat hits you but does no damage.
The jackal bites you but does no damage.
A ball python comes into view.
The jackal misses you. The bat barely misses you.
You shoot an arrow. The ball python hisses angrily.
The arrow hits the jackal but does no damage.
The bat closely misses you. The jackal bites you.
You shoot an arrow. The arrow completely misses the jackal.
The arrow hits the rat!
You kill the rat!
The bat closely misses you. The jackal bites you. The jackal misses you.
You shoot an arrow. The arrow closely misses the jackal.
The bat closely misses you. The jackal bites you. x2
You die...

##.....##
#.....#........ #######
#.....#........
.#########.....#.#.#.#.#
..............#........
...#.........#.#.#.#.#
#.#........##........
#.....>.###...#.#.#.#
##.#..................
#%..h@b........#.#.#.#
....S...................
...#.................#..
...................>.#..
...####..............#
.. ##########.....# .
######


You could see a jackal, a bat and a ball python.

Vanquished Creatures
  A ball python (D:1)
  A bat (D:1)
  A rat (D:1)
3 creatures vanquished.

Notes
Turn   | Place    | Note
-------+----------+-------------------------------------------
     0 | D:1      | qw the Deep Elf Hunter began the quest for the Orb.
     0 | D:1      | Reached XP level 1. HP: 12/12 MP: 3/3
     0 | D:1      | 0 ||| qw: Version: 0.3-a-22-g0ed2b0b
     0 | D:1      | 0 ||| qw: Game counter: 5028
     0 | D:1      | 0 ||| qw: Melee chars always use a shield: true
     0 | D:1      | 0 ||| qw: God list: Okawaru
     0 | D:1      | 0 ||| qw: Allow faded altars: false
     0 | D:1      | 0 ||| qw: Do Orc after clearing Dungeon:15 true
     0 | D:1      | 0 ||| qw: Do second Lair branch before Depths: true
     0 | D:1      | 0 ||| qw: Lair rune preference: random
     0 | D:1      | 0 ||| qw: Goals: Normal
     0 | D:1      | 0 ||| PLANNING D:1-11
    59 | D:1      | HP: 1/12 [jackal (3)]
    59 | D:1      | Slain by a jackal

Levels and vault maps discovered:
D:1:      lemuel_arrival_rhombus, layout_basic, serial_glass, glass_columns_a,
          glass_columns_c, minmay_bisected

Action                     || total
---------------------------++-------
   Fire: Shortbow          ||    15
 Armour: Leather armour    ||     5
  Dodge: Dodged            ||    16

Table legend:
 A = Non-vault XP
 B = Vault XP
 C = Vault XP percentage of total XP
 D = Non-vault monster count
 E = Vault monster count
 F = Vault count percentage of total count
                 A         B        C        D         E       F
            +---------+---------+-------+---------+---------+-------
      Total |       1 |       2 |  66.7 |       1 |       2 |  66.7
            +---------+---------+-------+---------+---------+-------
        D:1 |       1 |       2 |  66.7 |       1 |       2 |  66.7
            +---------+---------+-------+---------+---------+-------
